Map: Undercurrent LE

Players

exe

  • Race: Terran Terran
  • League: Master
  • Spawn Location: 7:00

Nexus

  • Race: Protoss Protoss
  • Spawn Location: 7:00

Alexandre

  • Race: Zerg Zerg
  • Spawn Location: 3:00

Feste

  • Race: Terran Terran
  • Spawn Location: 1:00

VOD

Have the link to the VOD?

Description

Time

  • Played on: Sept. 13, 2026, 11:30 a.m.
  • Length: 0:50
Show
View Real Time Build Order
Export as new Build Order

exe Terran 

Build Orders:  

Get SALT Encoding   

  8  0:01  SCV  
  9  0:13  SCV  
  10  0:25  SCV  
  11  0:31  Supply Depot  
Show
View Real Time Build Order
Export as new Build Order

Nexus Protoss 

Build Orders:  

Get SALT Encoding   

  8  0:04  Probe  
  9  0:16  Probe  
  10  0:28  Probe  
  11  0:40  Pylon  
Show
View Real Time Build Order
Export as new Build Order

Alexandre Zerg 

Build Orders:  

Get SALT Encoding   

  8  0:02  Drone  
  9  0:11  Drone  
  10  0:17  Drone  
  11  0:23  Drone  
Show
View Real Time Build Order
Export as new Build Order

Feste Terran 

Build Orders:  

Get SALT Encoding   

  8  0:00  SCV  
  9  0:12  SCV  
  10  0:27  Supply Depot  
  10  0:37  SCV  
  10  0:41  Refinery  
Tags
 
Add a new tag
Caveats
  • Supply blocks, unpowered buildings, or Contaminate may cause inaccurate times.
  • Supply counts are checked every 10 seconds.